 Dungeon Crawl Stone Soup version 0.29-a0-509-g793eeb5391 (webtiles) character file.

Game seed: 8393548929892643305

222 Morbidden the Chopper (level 5, 0/58 HPs)
             Began as a Demonspawn Gladiator on May 29, 2022.
             Slain by an ogre
             ... wielding a +0 giant club
              (22 damage)
             ... on level 5 of the Dungeon.
             The game lasted 00:02:32 (3360 turns).

Morbidden the Chopper (Demonspawn Gladiator)        Turns: 3360, Time: 00:02:33

Health: 0/58       AC: 22    Str: 16    XL:     5   Next: 66%
Magic:  7/7        EV:  2    Int: 10    God:
Gold:   114        SH:  0    Dex: 14    Spells: 7/7 levels left

rFire   . . .      SeeInvis .     - Unarmed
rCold   . . .      Faith    .   (no shield)
rNeg    . . .      Spirit   .   (body armour currently unavailable)
rPois   +          Reflect  .   (helmet currently unavailable)
rElec   .          Harm     .   (cloak currently unavailable)
rCorr   .          Rampage  .   (gloves currently unavailable)
Will    .....      NoTele   +   (boots currently unavailable)
Stlth   +.........              (no amulet)
HPRegen 0.19/turn               (no ring)
MPRegen 0.10/turn               (no ring)

@: tree-form
A: stationary, stasis, torment immunity, boosted hp, (claws 1), (thin metallic
scales 1), ignite blood 1
a: no special abilities


You were on level 5 of the Dungeon.
You were a tree.
You visited 1 branch of the dungeon, and saw 4 of its levels.

You collected 114 gold pieces.

Inventory:

Missiles
 d - 3 throwing nets (quivered)
 e - a javelin
Armour
 c - a +0 helmet (melded)
 l - +0 gold dragon scales (melded)
Scrolls
 a - a scroll of magic mapping {unknown}
 f - a scroll of blinking {unknown}
 g - 3 scrolls of immolation {unknown}
 h - 2 scrolls of enchant weapon {unknown}
 j - a scroll of poison {unknown}
 m - a scroll of brand weapon {unknown}
 p - a scroll of fog {unknown}
 q - a scroll of enchant armour {unknown}
 r - a scroll of teleportation {unknown}
 s - a scroll of noise {unknown}
 t - a scroll of identify {unknown}
Potions
 b - 2 potions of curing
 k - a potion of berserk rage {unknown}
 n - a potion of haste {unknown}
 o - a potion of mutation {unknown}


   Skills:
 * Level 2.7 Fighting
 - Level 3.3 Axes
 + Level 1.7 Throwing
 + Level 1.5 Armour
 * Level 3.3 Dodging
 + Level 0.1 Stealth
 * Level 2.4 Unarmed Combat
 * Level 1.7 Spellcasting


You had 7 spell levels left.
You didn't know any spells.
Your spell library was empty.

Dungeon Overview and Level Annotations

Branches:
Dungeon (3/15)

Altars:

Shops:
D:3 (


Innate Abilities, Weirdness & Mutations

You are a tree.
Your roots penetrate the ground, keeping you stationary.
You cannot be teleported.
You are immune to unholy pain and torment.
Your maximum health is greatly increased.
Your equipment is partially melded.
((You have sharp fingernails.))
((You are partially covered in thin metallic scales. (AC +2)))
Your demonic aura sometimes causes spilled blood to erupt in flames.


Message History

a +0 trident; a +0 leather armour An ogre comes into view.
It is wielding a +0 giant club.
The ogre shouts!
A quokka comes into view.
A necrophage comes into view.
There are monsters nearby!
There are monsters nearby!
Found a stone staircase leading up.
There are monsters nearby!
The ogre hits you with a +0 giant club!!
You barely miss the ogre.
The quokka bites you but does no damage.
You claw the ogre!
The ogre is moderately wounded.
The quokka bites you but does no damage.
The ogre hits you with a +0 giant club!
You are too injured to fight recklessly!
The quokka attacks as you move away!
The quokka bites you but does no damage.
The ogre attacks as you move away! The ogre hits you with a +0 giant club!
* * * LOW HITPOINT WARNING * * *
The quokka bites you but does no damage.
You closely miss the quokka. The quokka bites you.
* * * LOW HITPOINT WARNING * * *
Unknown command.
It was a potion of curing.
You feel better.
The quokka bites you but does no damage.
Unknown command.
It was a potion of lignification.
You turn into a tree.
Your +0 helmet melds into your body.
Your +0 gold dragon scales melds into your body.
Your roots penetrate the ground.
The quokka completely misses you.
Unknown command.
Unknown command.
You smack the quokka!
You kill the quokka!
Unknown command.
You hit the ogre.
The ogre is moderately wounded.
The ogre hits you with a +0 giant club!!
You die...

#.......#.#
#.####.#.######
#.#............
#.#)#########.# #
#.#.)..# #.# #.#
#.####.######.# ....
#..#..........# .....
##.#.#.######.#####......
#.#.#.# #...♣O.......
#.#.#.# #..###n......
#)#.#.######.... ..#....
#...............##......
##..#.####............ .
#..#........#..#####...
#..######....... .<. #..#
#........ .. #..#


You could see an ogre and a necrophage.

Vanquished Creatures
  A scorpion (D:5)
  An iguana (D:3)
  Natasha (twice) (D:2)
  An orc wizard (D:5)
  An adder (D:3)
  A dart slug (D:1)
  2 orcs (D:5)
  4 bats
  3 endoplasms
  2 giant cockroaches
  5 hobgoblins
  2 jackals (D:3)
  A quokka (D:5)
  9 ball pythons
  3 frilled lizards
  4 goblins
  7 kobolds
  A rat (D:1)
  A bush (D:1)
51 creatures vanquished.

Notes
Turn   | Place    | Note
-------+----------+-------------------------------------------
     0 | D:1      | Morbidden the Demonspawn Gladiator began the quest for the
                  | Orb.
     0 | D:1      | Reached XP level 1. HP: 16/16 MP: 1/1
   126 | D:1      | Gained mutation: Your demonic aura sometimes causes spilled
                  | blood to erupt in flames. [demonic ancestry]
   126 | D:1      | Reached XP level 2. HP: 20/22 MP: 2/2
  1239 | D:2      | Found a faded altar of an unknown god.
  1250 | D:2      | Gained mutation: You have sharp fingernails. [demonic
                  | ancestry]
  1250 | D:2      | Reached XP level 3. HP: 27/27 MP: 4/4
  1763 | D:2      | Noticed Natasha
  1764 | D:2      | Killed Natasha
  1765 | D:2      | Reached skill level 1 in Spellcasting
  1887 | D:2      | Noticed Natasha
  1905 | D:2      | Killed Natasha
  1906 | D:2      | Reached XP level 4. HP: 28/34 MP: 5/5
  2397 | D:3      | Reached skill level 1 in Unarmed Combat
  2420 | D:3      | Found Zinoagg's Antique Weapon Boutique.
  2445 | D:3      | Reached skill level 1 in Armour
  2938 | D:3      | You fall into a shaft and drop 2 floors!
  2938 | D:5      | Entered Level 5 of the Dungeon
  2942 | D:5      | Noticed a scorpion
  2960 | D:5      | Killed a scorpion
  2961 | D:5      | Gained mutation: You are partially covered in thin metallic
                  | scales. (AC +2) [demonic ancestry]
  2961 | D:5      | Reached XP level 5. HP: 11/39 MP: 7/7
  3349 | D:5      | Noticed an ogre
  3360 | D:5      | Slain by an ogre

Illustrated notes

Levels and vault maps discovered:
D:1:      dpeg_arrival_concentric_ovals, layout_basic, minmay_hedge_maze,
          kennysheep_doodads, due_unseen_surprise
D:2:      layout_loops_corners, hellmonk_ecumenical_altar_heavens_door,
          uniq_natasha
D:3:      layout_basic, serial_shops, nicolae_shop_hallway_plus
D:5:      cheibrodos_fzero, layout_loops_ring

Skill      XL: |  1  2  3  4 |
---------------+-------------+-----
Axes           | 3 |  3.3
Dodging        | 3 |  3.3
Spellcasting   | 1 |  1.7
Unarmed Combat | 2 |  2.4
Armour         | 1 |  1.5
Fighting       | |  2.7
Throwing       | |  1.7
Stealth        | |  0.1

Action                   |  1- 3 |  4- 6 || total
-------------------------+-------+-------++-------
Melee: War axe           |   132 |       ||   132
       Unarmed           |    45 |   100 ||   145
       Punch             |       |     1 ||     1
  Use: Potion            |       |     2 ||     2
 Stab: Sleeping          |     1 |       ||     1
Armor: Leather armour    |    15 |       ||    15
       Gold dragon scale |    50 |    88 ||   138
Dodge: Dodged            |    39 |     4 ||    43

Table legend: (Time is in decaauts)
 A = Elapsed time spent in this place.
 B = Non-inter-level travel time spent in this place.
 C = Inter-level travel time spent in this place.
 D = Time resting spent in this place.
 E = Time spent auto-exploring this place.
 F = Levels seen in this place.
 G = Mean time per level.
                   A        B        C        D        E       F      G
               +--------+--------+--------+--------+--------+-----+--------+
         Total |   3406 |   3355 |     51 |    208 |   2589 |   4 |  851.5 |
       Dungeon |   3406 |   3355 |     51 |    208 |   2589 |   4 |  851.5 |
               +--------+--------+--------+--------+--------+-----+--------+

Top non-repeatable levels by time:
     D:1: 1227 daAuts
     D:3: 910 daAuts
     D:2: 849 daAuts
     D:5: 419 daAuts
